Map: 16-Bit LE

Players

Kelazhur - Winner!

  • Race: Terran Terran
  • Spawn Location: 7:00

ShoWTimE

  • Race: Protoss Protoss
  • Spawn Location: 1:00

Event: WCS Austin 2018

VOD

Have the link to the VOD?

Description

Time

  • Played on: June 1, 2018, 11:19 p.m.
  • Length: 16:13

All games in this series

Show
View Real Time Build Order
Export as new Build Order

Kelazhur Terran - Winner!

Build Orders: Gas First Reaper Expand, Reaper Expand, MMM Bio 

Get SALT Encoding   

  12  0:00  SCV  
  13  0:12  SCV  
  14  0:18  Supply Depot  
  14  0:24  SCV  
  15  0:28  Refinery  
  15  0:39  SCV  
  16  0:45  Barracks  
  16  0:51  SCV  
  17  1:03  SCV  
  18  1:16  SCV  
  19  1:32  Orbital Command, Reaper  
  20  1:46  Command Center  
  20  1:58  SCV  
  20  2:00  Factory  
  21  2:05  Barracks Reactor  
  21  2:10  Refinery  
  21  2:11  SCV  
  22  2:18  Supply Depot  
  22  2:23  SCV  
  23  2:39  SCV  
  24  2:45  Starport  
  24  2:50  Hellion  
  24  2:51  Hellion, SCV  
  28  2:58  Orbital Command  
  29  3:03  SCV  
  34  3:12  Widow Mine  
  34  3:13  Widow Mine  
  34  3:19  SCV  
  35  3:27  Medivac  
  35  3:29  SCV  
  42  3:34  Widow Mine x2  
  42  3:35  SCV  
  43  3:42  SCV  
  43  3:43  Supply Depot  
  44  3:49  SCV  
  45  3:56  Supply Depot, SCV  
  46  4:04  Medivac, SCV, Widow Mine x2  
  46  4:05  Supply Depot  
  53  4:13  SCV  
  54  4:18  SCV  
  54  4:19  Supply Depot  
  54  4:20  Barracks Tech Lab  
  55  4:26  SCV  
  55  4:30  SCV  
  57  4:38  Marine  
  57  4:39  Engineering Bay, Stimpack, SCV  
  57  4:41  Widow Mine x2  
  57  4:45  SCV, Viking  
  66  4:51  SCV  
  67  4:55  Command Center  
  67  4:57  SCV  
  68  5:00  Marine  
  68  5:03  SCV  
  70  5:07  Terran Infantry Weapons Level 1  
  70  5:09  SCV  
  70  5:11  Missile Turret  
  70  5:12  Missile Turret  
  71  5:18  Marine  
  71  5:19  SCV  
  73  5:22  Barracks  
  73  5:23  SCV  
  73  5:25  Barracks  
  74  5:31  SCV  
  75  5:36  Marine  
  73  5:46  SCV  
  62  5:53  Starport Reactor  
  62  5:54  Marine  
  62  5:55  Barracks, SCV  
  62  5:56  Refinery, Barracks  
  64  5:57  Refinery  
  64  5:58  SCV  
  63  6:07  SCV  
  63  6:09  Orbital Command  
  63  6:10  SCV  
  59  6:15  Barracks Reactor  
  59  6:18  Engineering Bay, Factory Reactor  
  59  6:19  SCV, Missile Turret  
  59  6:20  Armory, Marine x2  
  59  6:22  SCV  
  59  6:23  Missile Turret  
  61  6:29  Marauder  
  61  6:30  Supply Depot  
  61  6:31  SCV  
  64  6:32  Orbital Command  
  64  6:35  SCV  
  64  6:39  Marine x2, Supply Depot  
  67  6:41  Starport Reactor  
  67  6:42  Combat Shields  
  67  6:44  SCV  
  67  6:46  Terran Infantry Armor Level 1, Barracks Tech Lab  
  67  6:47  SCV  
  69  6:51  Marauder, Marine x2  
  73  6:55  Widow Mine x2  
  73  6:56  SCV  
  73  6:57  Marine x2  
  73  6:59  SCV x2  
  82  7:02  Marine  
  82  7:03  Marine  
  82  7:05  Marauder  
  82  7:08  SCV, Terran Infantry Weapons Level 2  
  87  7:11  SCV  
  87  7:12  Marine x2  
  87  7:14  Marauder  
  87  7:15  Concussive Shells  
  92  7:17  SCV  
  92  7:19  Refinery  
  92  7:20  Marine  
  92  7:21  Marine x3  
  97  7:23  Supply Depot, SCV x2  
  97  7:29  Widow Mine  
  103  7:30  Widow Mine, Medivac x2  
  103  7:32  SCV  
  103  7:35  SCV  
  109  7:44  Marine  
  109  7:45  Supply Depot, Marauder x2, Marine x3  
  109  7:48  Supply Depot  
  117  7:56  Marine, Supply Depot  
  117  7:57  Marine  
  117  8:03  Supply Depot  
  117  8:06  Marine x2  
  117  8:07  Marauder, Widow Mine, SCV x2  
  117  8:09  Marine x2, Medivac, Supply Depot  
  117  8:10  Marauder, Widow Mine  
  117  8:12  Supply Depot  
  133  8:17  Medivac, Marine x2  
  135  8:24  Marine x2  
  136  8:27  Command Center, Marine  
  136  8:28  Marauder  
  136  8:31  Marauder  
  141  8:35  Marine x3  
  141  8:39  Widow Mine x2  
  148  8:43  Marine x2  
  148  8:44  Terran Infantry Armor Level 2  
  148  8:45  Marine  
  148  8:47  Medivac  
  153  8:50  Marauder  
  153  8:53  Marauder, Marine  
  156  9:00  Widow Mine x2  
  160  9:09  Medivac  
  156  9:11  Marauder  
  156  9:13  Marine x2  
  156  9:14  Marauder  
  156  9:15  Marine x2  
  156  9:17  Medivac, Marine x2  
  158  9:18  SCV  
  158  9:19  SCV x2  
  158  9:21  Widow Mine x2  
  158  9:22  Refinery  
  161  9:26  Supply Depot  
  161  9:30  Terran Infantry Weapons Level 3  
  161  9:32  Marauder  
  161  9:35  Marauder  
  149  9:46  Marine x2  
  149  9:47  Marine x3  
  149  9:48  Marine  
  147  9:56  Planetary Fortress  
  147  9:57  Missile Turret  
  147  9:58  Starport  
  145  10:02  SCV x3  
  145  10:05  Marauder, Marine x3  
  145  10:06  Marauder, Marine x3  
  158  10:07  Viking  
  158  10:08  Viking  
  162  10:23  Marine x3  
  162  10:25  Terran Ship Weapons Level 1  
  162  10:27  Marauder  
  162  10:28  Marauder  
  167  10:37  Marine x3, Medivac, Command Center  
  167  10:38  Medivac  
  167  10:41  Marine  
  175  10:43  Viking x2  
  175  10:44  Marine x2  
  175  10:48  Marauder  
  183  10:56  Marine  
  183  10:57  Marauder, Marine x2  
  169  10:58  Marine  
  169  11:02  Marine x2  
  165  11:04  Widow Mine  
  165  11:07  Viking  
  165  11:08  Viking  
  165  11:10  Marauder  
  164  11:13  Viking x2  
  164  11:14  Marine  
  164  11:16  Marine  
  172  11:18  Marauder  
  171  11:26  Widow Mine  
  171  11:29  Marine x4  
  171  11:31  Marauder  
  177  11:35  Supply Depot  
  177  11:37  Supply Depot, Viking x2  
  166  11:40  Marauder  
  166  11:43  Viking x2  
  146  11:52  Marauder  
  113  11:55  Widow Mine  
  113  11:57  SCV  
  116  12:01  Marauder, SCV x2  
  116  12:04  Marine x3  
  116  12:07  Viking x2  
  125  12:08  Orbital Command  
  125  12:09  SCV  
  125  12:10  Marine x2  
  125  12:13  Viking x2  
  125  12:14  Marauder  
  134  12:16  Widow Mine  
  134  12:19  SCV x2  
  134  12:21  SCV  
  134  12:22  Marauder  
  141  12:26  Liberator x2  
  141  12:27  Marine x4  
  141  12:28  SCV  
  146  12:31  SCV x2  
  146  12:32  Marine  
  146  12:33  SCV  
  146  12:35  Marauder  
  152  12:37  Medivac x2  
  152  12:39  Marine  
  152  12:40  SCV  
  152  12:43  SCV x2  
  152  12:44  Marauder, Marine  
  168  12:47  Marine x3  
  168  12:50  Liberator, Marine  
  173  12:53  Liberator, SCV x2  
  173  12:55  SCV  
  173  12:56  Marauder  
  173  12:57  Marine  
  173  12:58  Terran Infantry Armor Level 3  
  178  13:05  Marauder  
  186  13:14  Marine  
  186  13:15  Marine x5  
  186  13:18  Marauder  
  194  13:25  SCV x4  
  194  13:26  Barracks x3, Marine  
  198  13:32  Marine x2  
  200  13:45  Starport, Fusion Core  
  170  13:55  Marine  
  170  13:56  Marauder  
  170  14:00  Marauder, Liberator x3  
  170  14:01  Liberator, Marine  
  171  14:08  Marine  
  163  14:16  Marine x3  
  163  14:17  Marauder, Widow Mine, Marine  
  156  14:19  Marine  
  156  14:21  Marauder  
  155  14:26  Marine  
  156  14:34  Marine  
  157  14:39  Marauder, Widow Mine  
  157  14:40  Marine x4  
  157  14:41  Barracks Reactor, Barracks Tech Lab x2  
  157  14:43  Marauder  
  157  14:44  Marine  
  168  14:49  Command Center  
  168  14:54  Marine  
  168  14:58  Marine x2  
  171  15:00  Marauder, Medivac x2  
  171  15:02  Marauder, Marine x2  
  171  15:04  Marauder  
  171  15:06  Liberator x2  
  185  15:08  Marine  
  184  15:16  Marine  
  184  15:17  Marauder  
  184  15:18  Marine  
  184  15:19  Marine x3  
  184  15:20  Marine x2  
  193  15:25  Marine  
  200  15:45  Missile Turret  
Show
View Real Time Build Order
Export as new Build Order

ShoWTimE Protoss 

Build Orders: 1 Gate Expand, Oracle Opening, Phoenix Opening 

Get SALT Encoding   

  12  0:00  Probe  
  13  0:12  Probe  
  14  0:18  Pylon  
  14  0:24  Probe  
  15  0:32  Probe  
  15  0:38  Gateway  
  15  0:40  Probe  
  16  0:47  Assimilator  
  17  0:51  Probe  
  18  1:03  Probe  
  19  1:15  Probe  
  20  1:26  Nexus  
  20  1:36  Cybernetics Core  
  20  1:39  Probe  
  21  1:45  Assimilator  
  21  1:52  Probe  
  22  1:56  Pylon  
  22  2:04  Probe  
  22  2:05  Adept  
  25  2:16  Probe  
  25  2:21  Stargate  
  26  2:25  Warp Gate  
  26  2:28  Probe  
  27  2:34  Adept  
  29  2:37  Probe  
  29  2:38  Probe  
  30  2:45  Probe  
  30  2:46  Probe  
  32  2:55  Probe  
  32  2:56  Oracle, Probe  
  33  3:01  Adept  
  36  3:09  Probe  
  36  3:11  Probe  
  41  3:21  Probe  
  41  3:22  Pylon  
  41  3:24  Probe  
  43  3:33  Probe  
  44  3:36  Probe  
  44  3:37  Phoenix  
  47  3:45  Probe  
  47  3:46  Gateway  
  47  3:47  Gateway  
  47  3:48  Probe  
  47  3:55  Phoenix, Pylon  
  47  3:57  Probe  
  47  4:00  Probe  
  51  4:06  Assimilator  
  51  4:09  Probe  
  52  4:12  Probe  
  53  4:20  Phoenix  
  53  4:21  Probe  
  56  4:26  Probe  
  57  4:33  Probe  
  57  4:36  Phoenix, Nexus  
  58  4:39  Probe  
  58  4:43  Assimilator  
  61  4:45  Probe  
  61  4:49  Pylon  
  62  4:53  Pylon  
  62  5:01  Twilight Council, Forge  
  44  5:07  Phoenix, Probe x2  
  66  5:17  Pylon  
  66  5:19  Probe x2  
  68  5:26  Sentry  
  68  5:27  Stalker  
  72  5:31  Probe x2  
  72  5:32  Phoenix  
  72  5:35  Stalker  
  78  5:41  Probe x2  
  78  5:49  Probe x2  
  64  5:53  Protoss Ground Weapons Level 1, Probe  
  67  5:57  Probe x2  
  67  6:01  Blink  
  67  6:04  Probe  
  69  6:07  Probe x2  
  72  6:12  Probe  
  72  6:15  Probe x2  
  72  6:17  Robotics Facility  
  71  6:20  Probe  
  71  6:24  Probe x2  
  74  6:27  Pylon  
  74  6:30  Sentry x2  
  74  6:31  Probe  
  81  6:34  Pylon  
  81  6:36  Probe x2  
  83  6:44  Gateway  
  83  6:46  Probe  
  84  6:47  Gateway  
  84  6:48  Probe  
  84  6:50  Gateway, Probe  
  86  6:55  Gateway  
  86  6:58  Probe  
  86  7:00  Probe  
  88  7:01  Gateway  
  88  7:04  Photon Cannon  
  88  7:05  Observer  
  89  7:10  Robotics Bay  
  89  7:11  Assimilator, Probe  
  89  7:12  Assimilator  
  89  7:13  Probe  
  89  7:14  Probe  
  92  7:22  Pylon  
  92  7:23  Probe  
  92  7:25  Probe  
  92  7:27  Robotics Facility, Observer  
  95  7:37  Stalker  
  95  7:38  Stalker x2  
  95  7:42  Shield Battery  
  95  7:43  Colossus, Shield Battery  
  101  7:44  Pylon  
  101  7:49  Protoss Ground Armor Level 1  
  101  7:56  Charge  
  107  8:10  Photon Cannon  
  107  8:12  Stalker x2  
  111  8:15  Photon Cannon  
  111  8:17  Shield Battery  
  111  8:19  Stalker x2  
  115  8:27  Zealot  
  115  8:28  Zealot x3  
  115  8:30  Colossus  
  115  8:33  Shield Battery  
  129  8:36  Pylon  
  129  8:41  Zealot x2  
  133  8:51  Pylon  
  133  8:52  Pylon  
  133  8:53  Colossus  
  133  8:54  Pylon  
  135  9:01  Zealot x2  
  135  9:02  Observer  
  139  9:04  Stalker  
  139  9:05  Nexus  
  135  9:10  Stalker x2  
  135  9:16  Stalker x2  
  133  9:26  Pylon  
  133  9:29  Colossus  
  137  9:32  Protoss Ground Weapons Level 2  
  137  9:36  Zealot x4  
  134  9:43  Stalker x3  
  136  9:52  Warp Prism  
  134  9:54  Probe x2  
  134  9:55  Probe  
  134  9:58  Forge  
  137  10:06  Probe  
  140  10:10  Stalker  
  140  10:11  Stalker x2  
  146  10:17  Probe  
  146  10:18  Probe x3  
  146  10:19  Stalker  
  152  10:26  Templar Archives  
  153  10:28  Observer  
  153  10:37  Pylon  
  153  10:45  Stalker x5  
  153  10:46  Stalker x2  
  153  10:47  Stalker  
  152  11:09  Colossus  
  155  11:11  Sentry x2  
  155  11:12  Zealot x6  
  155  11:17  Protoss Ground Armor Level 2  
  167  11:31  Probe x2  
  167  11:32  Probe  
  168  11:33  Colossus, Assimilator, Probe  
  168  11:34  Zealot x4  
  168  11:35  Zealot x4  
  168  11:37  Assimilator  
  165  11:52  Colossus  
  129  12:00  Stalker x5  
  129  12:01  Stalker  
  120  12:04  Zealot x2  
  130  12:11  Photon Cannon  
  130  12:16  Probe x2  
  130  12:18  Pylon  
  132  12:24  High Templar x2  
  132  12:25  Zealot x5  
  132  12:27  Zealot  
  148  12:31  Archon, Photon Cannon  
  148  12:36  Colossus  
  148  12:38  Disruptor  
  148  12:47  Pylon  
  156  12:55  Zealot x3  
  162  13:01  Pylon  
  162  13:04  Disruptor  
  162  13:05  High Templar x2  
  166  13:06  Zealot x3  
  166  13:08  Protoss Ground Weapons Level 3  
  166  13:10  Archon  
  173  13:24  Zealot x3  
  177  13:29  Disruptor  
  180  13:36  Stalker x3  
  180  13:40  Zealot x2, Disruptor  
  189  13:53  Pylon  
  149  13:56  Stalker x3  
  149  14:00  Zealot x4  
  155  14:05  Disruptor  
  140  14:12  Disruptor  
  140  14:15  Zealot  
  132  14:19  Zealot x3  
  100  14:24  Zealot x4  
  100  14:28  Zealot x4  
  103  14:36  Nexus  
  97  14:38  Disruptor x2  
  97  14:42  Sentry x3  
  97  14:43  Sentry  
  110  15:00  Stalker x2  
  110  15:06  Disruptor  
  114  15:07  Disruptor  
  114  15:15  Stalker x2  
  114  15:19  Stalker  
  124  15:25  Stalker x2  
  128  15:34  Stalker  
  130  15:41  Stalker x3  
  121  15:59  Stalker x5  
  108  16:09  Stalker x2  
Tags
 
Add a new tag
Caveats
  • Supply blocks, unpowered buildings, or Contaminate may cause inaccurate times.
  • Supply counts are checked every 10 seconds.